 Dungeon Crawl Stone Soup version 0.21.1-1-g345015f (webtiles) character file.

2469 inc the Martial Artist (level 9, -2/60 HPs)
             Began as an Octopode Transmuter on June 12, 2018.
             Was an Initiate of Gozag.
             Slain by a centaur
             ... wielding a cursed -3 shortbow
              (5 damage)
             ... on level 7 of the Dungeon.
             The game lasted 00:12:02 (7421 turns).

inc the Martial Artist (Octopode Transmuter)        Turns: 7421, Time: 00:12:03

Health: -2/60      AC:  1    Str: 10    XL:     9   Next: 51%
Magic:  12/12      EV: 19    Int: 18    God:    Gozag
Gold:   546        SH:  0    Dex: 12    Spells: 11/12 levels left

rFire    . . .     SeeInvis .     - Unarmed
rCold    + . .     Gourm    .   (no shield)
rNeg     . . .     Faith    .   (helmet restricted)
rPois    .         Spirit   .   (no amulet)
rElec    .         Reflect  .   q - ring of protection from cold
rCorr    .         Harm     .   t - +4 ring of evasion
MR       .....                  (no ring)
Stlth    ++........             (no ring)
HPRegen  0.20/turn              (no ring)
MPRegen  0.13/turn              (no ring)
                                (no ring)
                                (no ring)

@: appendage (expiring), gold aura
A: almost no armour, stealthy swim, amphibious, 8 rings, constrict 8, tentacle
spike 3, camouflage 1, gelatinous body 1
a: End Transformation, Potion Petition, Call Merchant, Bribe Branch, Renounce
Religion


You were on level 7 of the Dungeon.
You worshipped Gozag.
Gozag was pleased with you.
You were not hungry.
One of your tentacles had a temporary spike.
You visited 1 branch of the dungeon, and saw 8 of its levels.

You collected 633 gold pieces.
You paid 87 gold pieces to Gozag.

Inventory:

Missiles
 a - 44 arrows
Jewellery
 q - a ring of protection from cold (left tentacle)
 t - a +4 ring of evasion (right tentacle)
Wands
 j - a wand of flame (18)
 u - a wand of paralysis (4)
Scrolls
 f - 2 scrolls of teleportation
 i - a scroll of enchant weapon
 l - a scroll of immolation {unknown}
 m - 4 scrolls of remove curse
 w - a scroll of amnesia
Potions
 d - 3 potions of degeneration
 e - a potion of magic {unknown}
 g - 2 potions of brilliance
 h - 5 potions of heal wounds
 k - 2 potions of curing
 n - 4 potions of haste
 o - a potion of berserk rage {unknown}
 p - 3 potions of agility
 r - a potion of mutation {unknown}
 s - 2 potions of cancellation {unknown}
Books
 b - a book of Changes

   Spells                             Type                      Level
   a - Beastly Appendage              Transmutation                1
   b - Sticks to Snakes               Transmutation                2
   c - Spider Form                    Transmutation/Poison         3
   d - Ice Form                       Ice/Transmutation            4
   e - Blade Hands                    Transmutation                5
Comestibles
 c - 7 rations


   Skills:
 - Level 4.9 Fighting
 - Level 5.2 Dodging
 + Level 10.3 Unarmed Combat
 - Level 2.0 Spellcasting
 - Level 3.6 Transmutations


You had 11 spell levels left.
You knew the following spells:

 Your Spells              Type           Power        Failure   Level  Hunger
a - Beastly Appendage     Tmut           ###...       4%          1    #......


Dungeon Overview and Level Annotations

Branches:
Dungeon (8/15)             Temple (0/1) D:6
   Lair: D:8-11

Altars:
Ashenzari
Elyvilon
Gozag
Kikubaaqudgha
Makhleb
Sif Muna
Trog
Uskayaw
Wu Jian
Xom
Zin
The Shining One

Annotations:
D:5 1 runed door, Kagorn's ghost, novice GrFi
D:7 tidbits's ghost, novice GnEn


Innate Abilities, Weirdness & Mutations

You cannot wear most types of armour.
You are very stealthy in the water. (Stealth+)
You are amphibious.
You can wear up to eight rings at the same time.
You can use your tentacles to constrict eight enemies at once.
Your skin changes colour to match your surroundings (Stealth+).
Your rubbery body absorbs attacks. (AC +1, EV +1)
One of your tentacles bears a large vicious spike.


Message History

The hippogriff barely misses you. The hippogriff closely misses you.
The hippogriff barely misses you.
You barely miss the hippogriff. You squeeze the hippogriff.
The hippogriff is almost dead.
Your transformation is almost over.
The hippogriff misses you. The hippogriff barely misses you.
The hippogriff claws you.
You completely miss the hippogriff.
You pierce the hippogriff, but do no damage.
The hippogriff is almost dead.
The hippogriff bites you.
* * * LOW HITPOINT WARNING * * *
The hippogriff completely misses you. The hippogriff closely misses you.
You bludgeon the hippogriff!
You kill the hippogriff!
The centaur shoots an arrow.
The arrow hits you!
* * * LOW HITPOINT WARNING * * *
The centaur closely misses you. The centaur hits you with a shortbow.
You die...
Your body crumbles into a pile of gold.

.....##........ #.##
!........ #.# ##..#...#
..# #.....#.##
#.####.#..<...#
.........#....###
?......#........#
#.$.##..........####
(.......#......c@(.#
#.#..#..........##.##
................##..###
.....#..........###...#
..........#..#### ###.#
.............. ###
....####.####.. ....#
.. ...


You could see a centaur.

Vanquished Creatures
  Pikel (D:4)
  A hippogriff (D:7)
  Eustachio (D:4)
  Edmund (D:4)
  A water moccasin (D:6)
  An ice beast (D:5)
  A centaur (D:5)
  2 phantoms
  2 ogres
  A bullfrog (D:6)
  2 crimson imps (D:5)
  4 hounds
  A jelly (D:4)
  A gnoll shaman (D:6)
  2 orc priests
  A bullfrog skeleton (D:3)
  Jessica (D:4)
  4 worker ants
  Natasha (twice) (D:3)
  An iguana (D:4)
  A hound zombie (D:5)
  A worker ant zombie (D:6)
  7 gnolls
  13 adders
  An ooze (D:4)
  An adder zombie (D:6)
  An adder skeleton (D:5)
  4 dart slugs
  18 orcs
  2 ball pythons
  11 bats
  11 giant cockroaches
  7 goblins
  9 hobgoblins
  5 jackals
  A quokka (D:3)
  9 frilled lizards
  9 kobolds
  A leopard gecko skeleton (D:5)
  10 rats
153 creatures vanquished.

Vanquished Creatures (others)
  2 slaves (D:4)
  An iguana (D:4)
  Robin (D:4)
  An orc (D:4)
  8 goblins (D:4)
  2 hobgoblins (D:4)
15 creatures vanquished.

Grand Total: 168 creatures vanquished

Notes
Turn   | Place    | Note
-------+----------+-------------------------------------------
     0 | D:1      | inc the Octopode Transmuter began the quest for the Orb.
     0 | D:1      | Reached XP level 1. HP: 13/13 MP: 3/3
     8 | D:1      | Noticed a swamp worm
     8 | D:1      | Noticed a redback
     8 | D:1      | Noticed a wyvern
     8 | D:1      | Noticed an iguana
     8 | D:1      | Noticed a black bear
   270 | D:1      | Reached XP level 2. HP: 16/18 MP: 5/5
   565 | D:1      | Reached XP level 3. HP: 23/23 MP: 6/6
  1974 | D:2      | Reached XP level 4. HP: 27/28 MP: 7/7
  2183 | D:2      | Found a hide-covered altar of Uskayaw.
  2183 | D:2      | Noticed a dagger
  2185 | D:2      | Noticed a dagger
  2268 | D:2      | Reached skill level 4 in Unarmed Combat
  2511 | D:2      | Reached XP level 5. HP: 19/33 MP: 6/8
  2763 | D:2      | Found a white marble altar of Elyvilon.
  3054 | D:3      | Reached skill level 5 in Unarmed Combat
  3252 | D:3      | Noticed Natasha
  3308 | D:3      | Killed Natasha
  3381 | D:3      | Noticed Natasha
  3388 | D:3      | Killed Natasha
  3388 | D:3      | Reached XP level 6. HP: 27/38 MP: 7/9
  3704 | D:4      | Noticed Pikel
  3704 | D:4      | Noticed a slave
  3705 | D:4      | Noticed a slave
  3705 | D:4      | Noticed a slave
  3714 | D:4      | Noticed a slave
  3718 | D:4      | Killed Pikel
  3718 | D:4      | Reached skill level 8 in Unarmed Combat
  3718 | D:4      | Reached XP level 7. HP: 15/43 MP: 10/10
  4090 | D:4      | Reached XP level 8. HP: 45/50 MP: 9/11
  4149 | D:4      | Killed Robin
  4269 | D:4      | Noticed Edmund
  4294 | D:4      | Killed Edmund
  4706 | D:4      | Noticed Jessica
  4714 | D:4      | Found a deep blue altar of Sif Muna.
  4716 | D:4      | Killed Jessica
  4772 | D:4      | Noticed Eustachio
  4781 | D:4      | Killed Eustachio
  4849 | D:5      | Entered Level 5 of the Dungeon
  4900 | D:5      | Noticed Kagorn's ghost (novice GrFi)
  5157 | D:5      | Found a burning altar of Makhleb.
  5157 | D:5      | Found a shimmering altar of Xom.
  5157 | D:5      | Found a glowing golden altar of the Shining One.
  5157 | D:5      | Found an ancient bone altar of Kikubaaqudgha.
  5176 | D:5      | Reached skill level 5 in Dodging
  5191 | D:5      | Found an opulent altar of Gozag.
  5191 | D:5      | Found a shattered altar of Ashenzari.
  5204 | D:5      | Became a worshipper of Gozag Ym Sagoz the Greedy
  5576 | D:5      | Found a bloodstained altar of Trog.
  5670 | D:5      | Found a glowing silver altar of Zin.
  5760 | D:5      | Found an ancient bone altar of Kikubaaqudgha.
  5776 | D:5      | Reached XP level 9. HP: 60/60 MP: 12/12
  5839 | D:5      | Reached skill level 9 in Unarmed Combat
  6045 | D:5      | Found a runed door.
  6392 | D:6      | Found a staircase to the Ecumenical Temple.
  6876 | D:6      | Found a white marble altar of Elyvilon.
  6979 | D:6      | Found an ornate altar of the Wu Jian Council.
  7113 | D:6      | Reached skill level 10 in Unarmed Combat
  7323 | D:7      | Noticed tidbits's ghost (novice GnEn)
  7420 | D:7      | HP: 3/60 [centaur/arrow (12)]
  7421 | D:7      | Slain by a centaur

Skill      XL: |  1  2  3  4  5  6  7  8  9 |
---------------+----------------------------+-----
Transmutations | 3 |  3.6
Unarmed Combat | 4 5 8 10 | 10.3
Fighting       | 2 4 |  4.9
Dodging        | 5 |  5.2
Spellcasting   | |  2.0

Action                   |  1- 3 |  4- 6 |  7- 9 || total
-------------------------+-------+-------+-------++-------
Melee: Unarmed           |    92 |    96 |   219 ||   407
       Constrict         |    25 |    23 |    46 ||    94
       Tentacles         |    11 |    17 |    50 ||    78
       Punch             |     4 |     4 |    15 ||    23
       Kick              |       |    16 |    52 ||    68
 Cast: Beastly Appendage |       |    10 |    34 ||    44
  Use: Potion            |       |     2 |       ||     2
       Scroll            |       |       |    12 ||    12
 Stab: Sleeping          |     8 |     4 |     5 ||    17
  Eat: Ration            |     1 |       |     2 ||     3
       Chunk             |       |     5 |     6 ||    11
Armor: Skin              |    19 |     8 |     5 ||    32
Dodge: Dodged            |    49 |    69 |   203 ||   321
